[Event "*** Titled Tuesday Blitz"]
[Site "Chess.com"]
[Date "2019.08.06"]
[Round "2"]
[White "NoGalloNoParty"]
[Black "ClockworkKubrick"]
[Result "1-0"]
[WhiteElo "2321"]
[BlackElo "2191"]
[TimeControl "180+2"]
[EndTime "13:22:39 PDT"]
[Termination "NoGalloNoParty won by resignation"]

1. d4 d6 2. Nf3 Nf6 3. c4 g6 4.
Nc3 Bg7 5. g3 O-O 6. Bg2 Nbd7 7.
O-O c6 8. e4 e5 9. h3 Re8 10.
d5 cxd5 11. cxd5 a6 12. Be3 b5 13. b4 Nb6 14. Bxb6 Qxb6 15. Qe2 Bd7 16. Rfc1 Rac8 17. Nd2 Rc7 18. Nb3 Rec8 19. Nd1 Nh5 20. Qd2 Nxg3 21. Ne3 Nh5 22. Rxc7 Rxc7 23. Rc1 Nf4 24. Kh2 Bh6 25. Rxc7 Qxc7 26. Qc1 Qxc1 27. Nxc1 Nxg2 28. Kxg2 f5 29.
h4 Kg7 30. Ne2 fxe4 31. Ng3 Bxe3 32. fxe3 Bf5 33. Ne2 h6 34. Nc3 Kf6 35. Kg3 g5 36.
a4 bxa4 37. Nxa4 Bc8 38. Nc3 Kf5 39. hxg5 hxg5 40. b5 a5 41. b6 Bb7 42. Nb5 Bxd5 43. Nxd6+ Ke6 44. b7 Bxb7 45. Nxb7 a4 46. Nc5+ Kd5 47.
Nxa4 Kc4 48. Nb6+ Kd3 49. Nd5 Kc4 50. Nf6 Kd3 51. Kf2 g4 52. Nxg4 Kd2 53. Nxe5 1-0

[Event "*** Titled Tuesday Blitz"]
[Site "Chess.com"]
[Date "2019.08.06"]
[Round "2"]
[White "Saitama_Hero"]
[Black "LuisFSiles"]
[Result "1-0"]
[WhiteElo "2299"]
[BlackElo "2189"]
[TimeControl "180+2"]
[EndTime "13:22:41 PDT"]
[Termination "Saitama_Hero won on time"]

1. d4 Nf6 2. c4 g6 3. Nc3 Bg7 4. e4 d6 5. h3 O-O 6. g4 c5 7. d5 e6 8. Bg2 exd5 9. cxd5 Re8 10. Nge2 b5 11. Ng3 b4 12. Nce2 Ba6 13. O-O Nfd7 14. Re1 Ne5 15. Nf4 Nbd7 16. Rb1 Qa5 17. b3 Qxa2 18.
Bb2 Qa5 19. Ra1 Qb6 20. Ra2 Bb5 21. Nfh5 gxh5 22. Nxh5 Bh8 23. f4 Nd3 24. Bxh8 Kxh8 25. Qa1+ f6 26. Re3 c4 27. Re2 c3 28. Kh1 a5 29. Bf3 a4 30. bxa4 Rxa4 31. Qg1 b3 32. g5 b2 33. g6 Ra1 34. g7+ Kg8 35. Bg4 Rxg1+ 36. Kxg1 b1=Q+ 37. Kh2 1-0

[Event "*** Titled Tuesday Blitz"]
[Site "Chess.com"]
[Date "2019.08.06"]
[Round "2"]
[White "Sanan_Sjugirov"]
[Black "ChessQueen"]
[Result "0-1"]
[WhiteElo "2898"]
[BlackElo "2645"]
[TimeControl "180+2"]
[EndTime "13:22:43 PDT"]
[Termination "ChessQueen won by resignation"]

1. e4 e5 2. Nf3 Nf6 3. Nxe5 d6 4. Nf3 Nxe4 5. Nc3 Nxc3 6. dxc3 Be7 7. Bf4 Nc6 8. Qd2 Be6 9. O-O-O Bxa2 10. b3 a5 11. Kb2 a4 12. Ra1 axb3 13. cxb3 Bxb3 14. Rxa8 Qxa8 15. Kxb3 Qa1 16. Nd4 O-O 17. Qb2 Qd1+ 18. Qc2 Nxd4+ 19. cxd4 Qxd4 20. Be3 Qd5+ 21. Bc4 Qxg2 22.
Ra1 b5 23. Bxb5 Rb8 24. Ra5 c6 25. Qf5 cxb5 26. Rxb5 Ra8 27. Qd7 Qf1 28. Qb7 Qb1+ 29. Kc4 Qc2+ 30. Kd5 Qd3+ 31. Kc6 Qc4+ 32. Kd7 Qe6+ 33.
Kc7 Bd8+ 34. Kc6 Rc8+ 0-1

[Event "*** Titled Tuesday Blitz"]
[Site "Chess.com"]
[Date "2019.08.06"]
[Round "2"]
[White "Komissarov_alex"]
[Black "NemtsevIgor"]
[Result "0-1"]
[WhiteElo "2195"]
[BlackElo "2319"]
[TimeControl "180+2"]
[EndTime "13:22:44 PDT"]
[Termination "NemtsevIgor won on time"]

1. d4 Nf6 2. Nf3 g6 3. Nc3 d5 4. Bf4 c6 5. e3 b5 6. Be2 Bg7 7. Ne5 O-O 8. h4 b4 9. Na4 Nfd7 10. h5 Nxe5 11. Bxe5 Bxe5 12. dxe5 Qc7 13. Qd4 g5 14. h6 Bf5 15. Bd3 Bg6 16. f4 e6 17. g4 Bxd3 18.
cxd3 Nd7 19. Rc1 Rac8 20. Nc5 Nxc5 21. Rxc5 Qe7 22. Rh5 gxf4 23. exf4 f6 24. exf6 Qxf6 25. Rg5+ Kh8 26. Qe5 Qxe5+ 27. Rxe5 Rxf4 28. Rxe6 Rxg4 29. Rexc6 Re8+ 30. Kf2 Rf4+ 31. Kg3 Rf5 32. Rc8 Rg8+ 33. Rxg8+ Kxg8 34. Rc8+ Kf7 35. Rc7+ Kg6 36. Rxa7 Re5 37. Rb7 Re3+ 0-1

[Event "*** Titled Tuesday Blitz"]
[Site "Chess.com"]
[Date "2019.08.06"]
[Round "2"]
[White "Irochka83"]
[Black "Makalexa"]
[Result "1-0"]
[WhiteElo "2278"]
[BlackElo "2173"]
[TimeControl "180+2"]
[EndTime "13:22:46 PDT"]
[Termination "Irochka83 won by checkmate"]

1. c4 g6 2. e4 Bg7 3. d4 d6 4. Nc3 Nf6 5. Nf3 O-O 6. Be2 e5 7. O-O Nc6 8. d5 Ne7 9. Ne1 Nd7 10. Be3 f5 11. f3 f4 12. Bf2 g5 13. Rc1 Rf6 14. Nd3 Rh6 15. c5 Qe8 16. Nb5 Qh5 17.
h4 Nf6 18. Nxc7 g4 19. fxg4 Nxg4 20. Nxa8 Ng6 21. cxd6 Bd7 22. Bxg4 Bxg4 23. d7 Bf6 24. Qa4 Nxh4 25. Bxh4 Bxh4 26. Rc8+ Kg7 27. Nxf4 exf4 28. Qd4+ Bf6 29. Qxf6+ Kxf6 30. d8=Q+ Ke5 31. Qc7+ Kxe4 32. Qxf4+ Kd3 33. Rc3+ Ke2 34. Qf2# 1-0

[Event "*** Titled Tuesday Blitz"]
[Site "Chess.com"]
[Date "2019.08.06"]
[Round "2"]
[White "bugsbunny444"]
[Black "Kawhi_Leonard2"]
[Result "1-0"]
[WhiteElo "2497"]
[BlackElo "2327"]
[TimeControl "180+2"]
[EndTime "13:22:47 PDT"]
[Termination "bugsbunny444 won by resignation"]

1. Nf3 Nf6 2. c4 e6 3. g3 d5 4. Bg2 Be7 5. O-O O-O 6. b3 c5 7. e3 Nc6 8. Bb2 b6 9. Nc3 Ba6 10.
Qe2 Qd7 11. Rfd1 Rfd8 12. Rac1 Rac8 13. Nb5 Bb7 14. d3 a6 15. Nc3 Qe8 16. cxd5 Nxd5 17. Nxd5 Rxd5 18. d4 Rdd8 19. dxc5 Bxc5 20. Ne5 Rxd1+ 21.
Rxd1 b5 22. Nd7 Be7 23. Qg4 e5 24. Nxe5 Bf6 25. Bxc6 Bxc6 26. Nxc6 Rxc6 27. Qd7 Qxd7 28. Rxd7 h6 29. Bxf6 Rxf6 30. Ra7 Rc6 31. g4 g6 32.
Kg2 Kg7 33. h4 g5 34. h5 Rf6 35. Kg3 Re6 36. a4 bxa4 37. bxa4 Rf6 38. a5 Rc6 39.
Kg2 Kf6 40. Kf3 Ke6 41. Ra8 Kf6 42. Ke4 Kg7 43. f4 gxf4 44. exf4 Rc4+ 45. Kf3 Rc6 46. g5 Rd6 47. Kg4 Rc6 48. Ra7 Rd6 49. g6 1-0

[Event "*** Titled Tuesday Blitz"]
[Site "Chess.com"]
[Date "2019.08.06"]
[Round "2"]
[White "vlad10898"]
[Black "MITerryble"]
[Result "1/2-1/2"]
[WhiteElo "2627"]
[BlackElo "2875"]
[TimeControl "180+2"]
[EndTime "13:22:50 PDT"]
[Termination "Game drawn by repetition"]

1. e4 e6 2. d4 d5 3. Nd2 Be7 4.
e5 c5 5. c3 Nc6 6. Bd3 cxd4 7.
cxd4 Qb6 8. Ndf3 Bb4+ 9. Bd2 Nxd4 10. Nxd4 Qxd4 11. Qa4+ Bd7 12. Qxb4 Qxd3 13. Ne2 Bb5 14. Nf4 Qc4 15. a4 Ba6 16. Rc1 Qxb4 17. Bxb4 Bc4 18. b3 Bxb3 19. Rc7 Bxa4 20. Rxb7 Nh6 21. Nh5 Nf5 22. g4 Nd4 23. Nxg7+ Kd8 24. Ba5+ Kc8 25. Rc7+ Kb8 26. Rxf7 Rc8 27. O-O Bc2 28. Bb4 Rc4 29. Bd6+ Kc8 30. Re1 Be4 31. Ra1 a5 32. Ne8 Nf3+ 33.
Kf1 Nxh2+ 34. Ke2 Rc2+ 35. Kd1 Rc6 36. Nc7 Ra7 37. Rf8+ Kd7 38. Rf7+ Kc8 39. Rf8+ Kb7 40. Nxe6 Rc4 41. Nc5+ Kb6 42. Rb8+ Kc6 43. Rc8+ Kb6 44. Rb8+ Kc6 45. Rc8+ Kb6 46. Rb8+ 1/2-1/2

[Event "*** Titled Tuesday Blitz"]
[Site "Chess.com"]
[Date "2019.08.06"]
[Round "2"]
[White "eljanov"]
[Black "tigra"]
[Result "0-1"]
[WhiteElo "2794"]
[BlackElo "2738"]
[TimeControl "180+2"]
[EndTime "13:22:51 PDT"]
[Termination "tigra won by resignation"]

1. d4 Nf6 2. Nf3 e6 3. c4 c5 4. d5 b5 5. Bg5 b4 6. a3 h6 7. Bh4 Bb7 8. Nbd2 g5 9. Bg3 exd5 10. cxd5 Bxd5 11. e4 Nxe4 12. Nxe4 Bxe4 13. Bd3 d5 14. Qa4+ Nd7 15. Bxe4 dxe4 16. O-O-O Bg7 17. Rhe1 O-O 18. Rxd7 Qe8 19. Nd2 bxa3 20. bxa3 Qe6 21. Nc4 Rab8 22. Rd6 Rb4 23. Rxe6 Rxa4 24. R6xe4 f5 25.
Kc2 fxe4 26. Kb3 Ra6 27. Rxe4 Bd4 28. f3 Raf6 29. Bd6 R8f7 30. Re8+ Kh7 31. Kc2 Rb7 32. Kd3 Kg6 33. Ke4 Kf7 34. Rd8 Ke6 35. Re8+ Kf7 36. Rh8 Re6+ 37. Kd5 Bxh8 0-1

[Event "*** Titled Tuesday Blitz"]
[Site "Chess.com"]
[Date "2019.08.06"]
[Round "2"]
[White "cukus"]
[Black "Hrant_ChessMood"]
[Result "1/2-1/2"]
[WhiteElo "2401"]
[BlackElo "2940"]
[TimeControl "180+2"]
[EndTime "13:22:55 PDT"]
[Termination "Game drawn by agreement"]

1. e4 e6 2. d4 d5 3. Nc3 Bb4 4. e5 c5 5. a3 Bxc3+ 6. bxc3 Qa5 7. Bd2 Qa4 8. Qg4 Kf8 9. Nf3 b6 10. h3 Ne7 11. dxc5 Qxg4 12. hxg4 Ba6 13. cxb6 axb6 14.
Be3 Nd7 15. Bd3 Nc6 16. Kd2 Ncxe5 17. Nxe5 Nxe5 18. Bxb6 Nxg4 19. Bc5+ Ke8 20. f4 Kd7 21.
Bd4 f6 22. Rh4 h5 23. Bxa6 Rxa6 24. Rah1 Rh6 25. Rxh5 Rxa3 26. Rxh6 Nxh6 27. Bxf6 gxf6 28. Rxh6 Ke7 29. g4 Ra4 30. g5 fxg5 31. fxg5 Rg4 32. Rh7+ Kd6 33. Rg7 Ke5 34. Rg8 Ke4 35. g6 Rg2+ 36.
Ke1 e5 37. g7 Ke3 38. Kf1 Rf2+ 39. Ke1 Rxc2 40. Kd1 Rd2+ 41. Kc1 Rg2 42. Re8 Rxg7 43. Rxe5+ Kd3 44. Rxd5+ Kxc3 45. Rc5+ Kd3 46. Rc8 Rg2 47. Rd8+ Kc3 1/2-1/2

[Event "*** Titled Tuesday Blitz"]
[Site "Chess.com"]
[Date "2019.08.06"]
[Round "2"]
[White "pedro_gines"]
[Black "MarcoRiehle"]
[Result "1-0"]
[WhiteElo "2388"]
[BlackElo "2628"]
[TimeControl "180+2"]
[EndTime "13:22:56 PDT"]
[Termination "pedro_gines won by resignation"]

1. f4 g6 2. Nf3 Bg7 3. g3 d6 4. Bg2 c5 5. O-O Nc6 6. e3 Bg4 7. h3 Bxf3 8. Qxf3 Qd7 9. d3 O-O-O 10. a4 e6 11. a5 Nge7 12. a6 b6 13. Nc3 h5 14. Bd2 d5 15. Rfb1 Rhe8 16. Nb5 Nb4 17.
Bxb4 Qxb5 18. Bc3 Bxc3 19. bxc3 Qc6 20. c4 Kc7 21. Qf2 Qd6 22. cxd5 exd5 23. c3 Nc6 24. Ra2 Re7 25. e4 dxe4 26. dxe4 Red7 27. Kh2 Qd3 28. Rc1 Qc4 29. Re2 Rd1 30. Rxd1 Rxd1 31. e5 Qxc3 32. e6 fxe6 33. Rxe6 Nd4 34. f5 Nxe6 35. fxe6 Qd4 36. Qf7+ Kd6 37. h4 Re1 38. Qxa7 Kxe6 39. Qxb6+ Kf7 40.
a7 Qg1+ 41. Kh3 Ra1 42. Qb7+ Kf6 43. Qc6+ Kg7 44. Qb7+ Kh6 45. a8=Q Rxa8 46. Qxa8 Qd4 47. Qf8+ Kh7 48. Qf7+ Kh6 49. Qf4+ Qxf4 50. gxf4 c4 51.
Be4 Kg7 52. Kg3 Kf6 53. Kf3 c3 54. Ke3 g5 55. hxg5+ Ke6 56. Kd3 h4 57. Kxc3 1-0

[Event "*** Titled Tuesday Blitz"]
[Site "Chess.com"]
[Date "2019.08.06"]
[Round "2"]
[White "raviteja81293"]
[Black "Pakarma"]
[Result "1-0"]
[WhiteElo "2587"]
[BlackElo "2409"]
[TimeControl "180+2"]
[EndTime "13:22:56 PDT"]
[Termination "raviteja81293 won by resignation"]

1. d4 Nf6 2. Nf3 g6 3. Bg5 Bg7 4. Nbd2 d5 5. e3 O-O 6. Be2 c6 7. O-O b6 8. c3 Ba6 9. h3 Bxe2 10. Qxe2 Nbd7 11. e4 dxe4 12. Nxe4 Re8 13. Rad1 Qc7 14. Nxf6+ Nxf6 15. Ne5 Rad8 16. Bf4 Qc8 17. Rfe1 c5 18. dxc5 Qxc5 19. Nf3 Nd5 20. Be5 e6 21. Bxg7 Kxg7 22. h4 h6 23. Qe5+ Nf6 24. Qxc5 bxc5 25. Ne5 Rd5 26.
Nc6 a6 27. Rxd5 Nxd5 28. c4 Nf6 29. Rd1 Rc8 30. Na5 Ne4 31. Rd7 Rb8 32. Nb3 a5 33.
f3 a4 34. fxe4 axb3 35. a3 Kf6 36. Kf2 Ke5 37. Ke3 f6 38. Rh7 g5 39. Rxh6 gxh4 40.
Rxh4 Rd8 41. Rh5+ f5 42. exf5 exf5 43. g4 Rd1 44. Rxf5+ Ke6 45. Rf2 Rb1 46. Kd3 Rd1+ 47. Kc3 Rb1 48. Kxb3 Rd1 49. Rg2 Rd4 50. g5 Kf7 51.
g6+ Kg7 52. Kc3 Rf4 53. Rg3 1-0

[Event "*** Titled Tuesday Blitz"]
[Site "Chess.com"]
[Date "2019.08.06"]
[Round "2"]
[White "norwaytoadog"]
[Black "tonyq11"]
[Result "1-0"]
[WhiteElo "2248"]
[BlackElo "2225"]
[TimeControl "180+2"]
[EndTime "13:22:59 PDT"]
[Termination "norwaytoadog won by resignation"]

1. e4 c5 2. Nf3 e6 3. d4 cxd4 4. Nxd4 Nc6 5. Nc3 Qc7 6. g3 a6 7. Bg2 b5 8. O-O Bb7 9. Re1 d6 10. a4 b4 11. Nd5 exd5 12. Nxc6 Bxc6 13. exd5+ Be7 14. Qg4 Nf6 15. Qxg7 O-O-O 16. dxc6 d5 17. Qxf7 Ne4 18. Bxe4 dxe4 19. Bf4 Bd6 20. Qxc7+ Kxc7 21. Bxd6+ Rxd6 22. Rxe4 Rxc6 23. Rxb4 Rxc2 24. Rb3 Rd8 25. Rc3+ Rxc3 26. bxc3 Rd3 27. Rc1 Kc6 28. Kf1 Kc5 29. Ke2 Rd7 30. f4 Kc4 31. Kf3 h5 32. h3 Kb3 33. g4 Kxa4 34. g5 Kb5 35. f5 a5 36.
f6 a4 37. Kf4 a3 38. g6 Rd6 39. f7 Rd2 40. g7 Rf2+ 41. Ke5 Rxf7 42. g8=Q Ra7 43. Qd5+ Kb6 44. Rb1+ Kc7 45. Qd6+ 1-0

[Event "*** Titled Tuesday Blitz"]
[Site "Chess.com"]
[Date "2019.08.06"]
[Round "2"]
[White "Airquake"]
[Black "AntonSmirnov"]
[Result "1-0"]
[WhiteElo "2633"]
[BlackElo "2862"]
[TimeControl "180+2"]
[EndTime "13:23:01 PDT"]
[Termination "Airquake won by resignation"]

1. e4 e5 2. Nf3 Nc6 3. Bb5 f5 4. d3 fxe4 5. dxe4 Nf6 6. O-O Bc5 7.
Nc3 d6 8. Bg5 O-O 9. h3 Kh8 10.
Nd5 Be6 11. Be2 Qd7 12. Bxf6 gxf6 13. Nh4 Nd4 14. Bg4 f5 15. Nxf5 Nxf5 16. exf5 Bxf5 17. Bxf5 Rxf5 18. b4 Bb6 19. a4 c6 20. Nxb6 axb6 21.
c4 Rg8 22. Ra3 Rfg5 23. Rg3 Rxg3 24. fxg3 Rxg3 25. Qh5 Kg7 26. Qh4 Rg6 27. Qf2 Qd8 28. Qf7+ Kh6 29. Qxb7 Qg5 30. Qxc6 Qe3+ 31. Kh1 e4 32.
Qe8 Qg3 33. Qf8+ Kh5 34. Rf5+ Rg5 35. Qf7+ Kh6 36. Qe6+ Rg6 37. Qxe4 Qc3 38. Qf4+ Kg7 39. Rf7+ Kg8 40. Re7 Rf6 41. Qg4+ 1-0

[Event "*** Titled Tuesday Blitz"]
[Site "Chess.com"]
[Date "2019.08.06"]
[Round "2"]
[White "JMatias"]
[Black "ChessicallyInclined"]
[Result "1-0"]
[WhiteElo "2460"]
[BlackElo "2573"]
[TimeControl "180+2"]
[EndTime "13:23:02 PDT"]
[Termination "JMatias won by checkmate"]

1. c4 e5 2. g3 c6 3. Bg2 d5 4. cxd5 cxd5 5. d4 e4 6. Nh3 Nc6 7. O-O h6 8. Nc3 Nf6 9. f3 exf3 10. exf3 Be7 11. Be3 O-O 12. Re1 Bf5 13. Nf2 Rc8 14.
Rc1 Re8 15. Nd3 Bd6 16. Bf2 Qd7 17. Qd2 Bh3 18. Bh1 Qf5 19. f4 Ne4 20. Nxe4 dxe4 21. Ne5 Bb4 22. Rc3 Bxc3 23. bxc3 Nxe5 24. fxe5 Qd7 25.
Bxe4 Bf5 26. Bg2 b6 27. d5 Qc7 28. Bd4 Qc4 29. Qf4 Bg6 30. e6 fxe6 31. Qe5 Re7 32.
d6 Rd7 33. Bh3 Bf5 34. Bg2 Rcd8 35. h3 Qc8 36. g4 Bg6 37. Qxe6+ Bf7 38. Qe5 Bxa2 39.
Be4 Kh8 40. Qf5 Bg8 41. Qg6 Rf7 42. Qxh6+ Bh7 43. Qxh7# 1-0

[Event "*** Titled Tuesday Blitz"]
[Site "Chess.com"]
[Date "2019.08.06"]
[Round "2"]
[White "pheonixking2000"]
[Black "Yaacovn"]
[Result "1-0"]
[WhiteElo "2704"]
[BlackElo "2824"]
[TimeControl "180+2"]
[EndTime "13:23:03 PDT"]
[Termination "pheonixking2000 won by resignation"]

1. e4 c6 2. d4 d5 3. Nc3 dxe4 4. Nxe4 Nf6 5. Nxf6+ gxf6 6. Nf3 Bg4 7. Be3 e6 8. Bd3 Nd7 9. Qe2 Nb6 10. h3 Bh5 11. c3 Nd5 12. O-O-O Qa5 13. Kb1 O-O-O 14. Rhe1 Bg6 15. Nd2 Rg8 16. g4 Qb6 17. Ka1 Qc7 18. Nb3 Nf4 19. Bxf4 Qxf4 20. Qe3 Bd6 21. Nd2 Qxe3 22. Rxe3 Bf4 23. Rf3 Bxd2 24. Rxd2 f5 25. a4 fxg4 26. hxg4 Rdf8 27. Rf4 Kd7 28. Kb1 Ke7 29. Kc2 b6 30. Re2 Kd6 31. b4 Rg7 32. c4 Rh8 33. c5+ Kd7 34. Re5 bxc5 35. dxc5 Ke7 36.
b5 Rd8 37. Bxg6 hxg6 38. b6 a5 39. g5 Rh7 40. Re3 Rh1 41. Rd3 Rd5 42. Rxd5 exd5 43.
Rf6 Rh4 44. Rxc6 Rxa4 45. b7 Rb4 46. Rb6 1-0

[Event "*** Titled Tuesday Blitz"]
[Site "Chess.com"]
[Date "2019.08.06"]
[Round "2"]
[White "BabyFacedAssasin"]
[Black "2165149677570"]
[Result "1-0"]
[WhiteElo "2172"]
[BlackElo "2270"]
[TimeControl "180+2"]
[EndTime "13:23:03 PDT"]
[Termination "BabyFacedAssasin won by checkmate"]

1. e4 c5 2. Nf3 d6 3. d4 cxd4 4. Nxd4 Nf6 5. Nc3 a6 6. h3 e5 7. Nde2 b5 8. g4 b4 9. Nd5 Nxd5 10. Qxd5 Ra7 11. Ng3 Be6 12. Qd3 d5 13. Bg2 Rd7 14. O-O Be7 15. Nf5 Bxf5 16. exf5 O-O 17. f4 e4 18. Qe2 Bc5+ 19. Kh1 Qb6 20. a3 bxa3 21. b3 Qa5 22. c4 dxc4 23. bxc4 Re8 24.
f6 Nc6 25. g5 Qc3 26. Ra2 Rd3 27. Qg4 Nb4 28. Re2 a2 29. Bb2 Qxc4 30. g6 fxg6 31. f5 Rg3 32. f7+ Kxf7 33. fxg6+ Kg8 34. Qxg3 Bd4 35. gxh7+ Kxh7 36. Qh4+ Kg8 37. Bxd4 Qxd4 38. Rxe4 a1=Q 39. Rxd4 Qb2 40. Rxb4 a5 41. Rg4 a4 42. Qg3 a3 43. Bd5+ Kh8 44. Qh4# 1-0

[Event "*** Titled Tuesday Blitz"]
[Site "Chess.com"]
[Date "2019.08.06"]
[Round "2"]
[White "SanchezKelvin"]
[Black "Alopekos"]
[Result "1/2-1/2"]
[WhiteElo "2440"]
[BlackElo "2492"]
[TimeControl "180+2"]
[EndTime "13:23:03 PDT"]
[Termination "Game drawn by repetition"]

1. d4 Nf6 2. c4 e6 3. Nf3 d5 4.
Nc3 c5 5. cxd5 cxd4 6. Qxd4 exd5 7. Bg5 Be7 8. e3 h6 9. Bh4 O-O 10. Be2 Nc6 11. Qa4 Be6 12. O-O Qb6 13. Qb5 Qxb5 14. Bxb5 a6 15. Bxc6 bxc6 16. Rac1 c5 17. Na4 g5 18. Bg3 Ne4 19. Rfd1 Nxg3 20. hxg3 Rac8 21.
Nb6 Rcd8 22. Ne5 Bf6 23. Nc6 Rd6 24. Rxc5 Bxb2 25. Nxd5 Kg7 26. Nd4 Rfd8 27. e4 Kg6 28. Nxe6 fxe6 29. Ne7+ Kf7 30. Rxd6 Rxd6 31. Rc7 Rd1+ 32.
Kh2 Rd2 33. f4 g4 34. Nd5+ Kf8 35. Ne3 h5 36. Rh7 Bd4 37. Nc4 Rd1 38. Rxh5 Bg1+ 39. Kh1 Bd4+ 40. Kh2 Rc1 41. Ne5 Bg1+ 42. Kh1 Bf2+ 43.
Kh2 Bg1+ 44. Kh1 Bf2+ 45. Kh2 Bg1+ 1/2-1/2

[Event "*** Titled Tuesday Blitz"]
[Site "Chess.com"]
[Date "2019.08.06"]
[Round "2"]
[White "Ravan_02"]
[Black "Chopper1905"]
[Result "0-1"]
[WhiteElo "2607"]
[BlackElo "2829"]
[TimeControl "180+2"]
[EndTime "13:23:04 PDT"]
[Termination "Chopper1905 won by resignation"]

1. d4 e6 2. c4 Nf6 3. Nf3 b6 4. a3 Bb7 5. Nc3 Ne4 6. Nxe4 Bxe4 7. Nd2 Bg6 8. g3 Nc6 9. Nf3 Be4 10. Bg2 d5 11. Qa4 dxc4 12. Qxc4 Nxd4 13. O-O Nxf3+ 14. Bxf3 Bxf3 15. exf3 c5 16. Bf4 Qd5 17. Qa4+ Qd7 18. Qb3 Be7 19. Rfd1 Qc6 20. Be5 O-O 21. Rd2 Rfd8 22.
Rad1 Rxd2 23. Rxd2 Rd8 24. Rxd8+ Bxd8 25. Qd3 Be7 26. Kg2 c4 27. Qe3 f6 28. Bc3 e5 29.
h4 Kf7 30. h5 Bc5 31. Qe2 b5 32. Qc2 g6 33. Qd2 e4 34. Qh6 exf3+ 35. Kg1 gxh5 36. Qxh7+ Ke6 37. Qxh5 Qd5 38. Qxd5+ Kxd5 39. Bxf6 a5 40. Bd8 b4 41. Bxa5 c3 42. bxc3 b3 43. c4+ Kxc4 44. Be1 b2 0-1

[Event "*** Titled Tuesday Blitz"]
[Site "Chess.com"]
[Date "2019.08.06"]
[Round "2"]
[White "sebsep"]
[Black "politeplayer"]
[Result "0-1"]
[WhiteElo "2111"]
[BlackElo "2256"]
[TimeControl "180+2"]
[EndTime "13:23:06 PDT"]
[Termination "politeplayer won by checkmate"]

1. e4 c5 2. Nf3 Nc6 3. d4 cxd4 4.
Nxd4 g6 5. Be3 Bg7 6. Nc3 Nf6 7. f3 d5 8. Nxc6 bxc6 9. Bd3 d4 10.
Bd2 dxc3 11. Bxc3 Qb6 12. a4 a5 13. Bc4 Qe3+ 14. Kf1 Qc5 15. Bd3 O-O 16. Qe2 Nh5 17.
Bd2 Bxb2 18. Rb1 Bc3 19. Be3 Bd4 20. Bd2 Be6 21. g4 Ng7 22. h4 f5 23. exf5 gxf5 24. g5 Bd5 25. h5 e5 26. c4 Bxf3 27. Qxf3 e4 28. Qg2 exd3 29. h6 Ne8 30. g6 Ra7 31. Rb8 Nf6 32. gxh7+ Kxh7 33. Qg3 Rxb8 34. Qxb8 Re7 35.
Qf4 Ng4 36. Rh5 Bf6 37. Rxf5 Nh2+ 38. Qxh2 Qxf5+ 39. Kg1 Re2 40. Qg3 Rxd2 41. Qc7+ Kg6 42. h7 Qf2+ 43. Kh1 Qg2# 0-1

[Event "*** Titled Tuesday Blitz"]
[Site "Chess.com"]
[Date "2019.08.06"]
[Round "2"]
[White "SergeiAza"]
[Black "S-Fazulyanov"]
[Result "0-1"]
[WhiteElo "2813"]
[BlackElo "2479"]
[TimeControl "180+2"]
[EndTime "13:23:06 PDT"]
[Termination "S-Fazulyanov won by resignation"]

1. e4 c5 2. Nf3 Nc6 3. d4 cxd4 4.
Nxd4 g6 5. Nc3 Bg7 6. Be3 Nf6 7.
Bc4 Na5 8. Be2 O-O 9. O-O d5 10. exd5 Nxd5 11. Nxd5 Qxd5 12. Bf3 Qd8 13. b3 a6 14. c4 Qc7 15. Qe2 e5 16. Nc2 e4 17.
Bxe4 Bxa1 18. Rxa1 Re8 19. Bf3 Nc6 20. Qd2 Bf5 21.
Nb4 Nxb4 22. Qxb4 Be4 23. Bxe4 Rxe4 24. g3 Rae8 25. Rd1 h5 26. Qd6 Qxd6 27. Rxd6 h4 28.
Kg2 hxg3 29. hxg3 R4e6 30. Rd7 R6e7 31. Rd6 Re6 32. Rd7 R8e7 33. Rd8+ Kh7 34. a4 f6 35. a5 Re8 36. Rd7+ R8e7 37. Rd8 Re8 38. Rd5 g5 39.
Kf3 Kg6 40. g4 Re5 41. Rd7 R8e7 42. Rxe7 Rxe7 43. b4 f5 44. gxf5+ Kxf5 45. b5 g4+ 46. Kg3 Re4 47. bxa6 bxa6 48. c5 Ra4 49. c6 Rc4 50. Bb6 Rxc6 51. Kg2 Rc3 52. Kf1 Rb3 53. Ke2 Ke4 54. Bc5 Rb2+ 55. Kf1 Kf3 56. Ke1 Ra2 57. Bb6 Ra1+ 58. Kd2 Ra2+ 59. Ke1 Ra1+ 60. Kd2 Rf1 61.
Kd3 Rxf2 0-1

[Event "*** Titled Tuesday Blitz"]
[Site "Chess.com"]
[Date "2019.08.06"]
[Round "2"]
[White "jposthuma"]
[Black "colegiodemadrid"]
[Result "0-1"]
[WhiteElo "2453"]
[BlackElo "2336"]
[TimeControl "180+2"]
[EndTime "13:23:09 PDT"]
[Termination "colegiodemadrid won by resignation"]

1. d4 Nf6 2. c4 c5 3. Nf3 cxd4 4. Nxd4 Nc6 5. Nc3 e5 6. Nc2 Bc5 7. Be3 Qb6 8. Qd2 O-O 9. g3 Ng4 10. Na4 Bxe3 11. Nxe3 Qa6 12. Nc5 Qb6 13. Na4 Qa6 14.
Nc5 Qb6 15. Nxg4 Qxc5 16. b3 d6 17. Ne3 Nd4 18. Bg2 Rb8 19. O-O Be6 20. Rac1 a5 21.
Nc2 Nxc2 22. Qxc2 b5 23. cxb5 Qxb5 24. Rfd1 d5 25. Qd3 Rfd8 26. Qxb5 Rxb5 27. e3 h5 28. h4 d4 29. Bf3 g6 30. Rd2 a4 31. bxa4 Rb4 32. Bc6 Rc8 33. exd4 exd4 34. Rdc2 d3 35. Rc5 d2 36. Rd1 Rb6 37. Rb5 Rbxc6 38. Rxd2 Rc1+ 39. Kg2 Bc4 40. Rb4 Bf1+ 41. Kh2 Ba6 42. Rb6 R8c6 43. Rb8+ Kg7 44. Re8 Rc7 45. Re4 Bb7 0-1

[Event "*** Titled Tuesday Blitz"]
[Site "Chess.com"]
[Date "2019.08.06"]
[Round "2"]
[White "AndrewMaco"]
[Black "Durarbayli"]
[Result "0-1"]
[WhiteElo "2599"]
[BlackElo "2792"]
[TimeControl "180+2"]
[EndTime "13:23:10 PDT"]
[Termination "Durarbayli won by resignation"]

1. e4 e5 2. Nf3 Nc6 3. Bb5 a6 4. Ba4 Nf6 5. O-O b5 6. Bb3 Bc5 7. c3 d6 8. d4 Bb6 9. h3 O-O 10. Be3 Rb8 11. Nbd2 h6 12. Re1 Re8 13. a3 Bb7 14.
Bc2 exd4 15. cxd4 Na5 16. d5 Bxe3 17. Rxe3 c6 18. b4 Nc4 19. Nxc4 bxc4 20. Ba4 Qb6 21. Qd4 Ba8 22. Rae1 Rec8 23. dxc6 Bxc6 24. Bc2 Qxd4 25. Nxd4 Bd7 26. Rd1 a5 27. bxa5 Rc5 28. Nf3 Rb2 29.
Rc3 d5 30. e5 Ne8 31. Nd4 Rxa5 32. Bf5 Ba4 33. Re1 g6 34. Bg4 h5 35. Bf3 Nc7 36. e6 fxe6 37. Nxe6 Nxe6 38. Rxe6 Kf7 39.
Rce3 Rb7 40. Rd6 Rd7 41. Ree6 Rxd6 42. Rxd6 c3 43. Rxd5 c2 44. Rxa5 c1=Q+ 0-1

[Event "*** Titled Tuesday Blitz"]
[Site "Chess.com"]
[Date "2019.08.06"]
[Round "2"]
[White "PIwan"]
[Black "PchelkinVK"]
[Result "0-1"]
[WhiteElo "2532"]
[BlackElo "2535"]
[TimeControl "180+2"]
[EndTime "13:23:10 PDT"]
[Termination "PchelkinVK won by resignation"]

1. c4 e5 2. Nc3 Nc6 3. Nf3 Nf6 4. e3 Be7 5. d4 exd4 6. Nxd4 d5 7. Nxc6 bxc6 8. Be2 O-O 9. cxd5 cxd5 10. O-O c6 11. b3 Bd6 12. Bb2 Qe7 13. Na4 Ne4 14. Bf3 Bf5 15. Qd4 f6 16. Rac1 Rac8 17. Nc3 Ng5 18. Bg4 Be5 19. Qa4 Bxg4 20. Qxg4 f5 21. Qa4 f4 22.
exf4 Bxf4 23. Rce1 Qc7 24. h3 Qf7 25. Ne2 Bc7 26.
Qg4 Ne4 27. Ng3 Nf6 28. Qe6 Qxe6 29. Rxe6 Bxg3 30. fxg3 Ne4 31. Rxf8+ Kxf8 32. g4 Kf7 33. Re5 g6 34. h4 a5 35. h5 a4 36. Kh2 axb3 37. axb3 Rb8 38. Ba3 Rxb3 39. Bc1 Nf6 40. Re1 Nxg4+ 41. Kg1 gxh5 42. Bf4 d4 43. Bg5 d3 0-1

[Event "*** Titled Tuesday Blitz"]
[Site "Chess.com"]
[Date "2019.08.06"]
[Round "2"]
[White "ChrisTool2"]
[Black "GremioPrudente"]
[Result "0-1"]
[WhiteElo "2271"]
[BlackElo "2230"]
[TimeControl "180+2"]
[EndTime "13:23:10 PDT"]
[Termination "GremioPrudente won by resignation"]

1. d4 d5 2. c4 c6 3. Nf3 e6 4.
Nc3 dxc4 5. g3 b5 6. Bg2 Bb7 7. O-O Nd7 8. e4 h6 9. Qc2 Ngf6 10.
Rd1 Bb4 11. Bf4 O-O 12. e5 Nd5 13. Ne4 Nxf4 14. gxf4 f5 15. Ng3 Nb6 16. b3 Qe7 17. a4 cxb3 18. Qxb3 bxa4 19. Qa2 Nd5 20. Qc4 a5 21. Bh3 Nxf4 22. Bxf5 Ba6 23. Qa2 Nd5 24.
Be4 Nc3 25. Qc2 Nxd1 26. Rxd1 Bb5 27. Nh5 Rac8 28. Kh1 Qf7 29. Bh7+ Kh8 30. Nh4 Qxh5 31. Ng6+ Kxh7 32. Nxf8+ Kg8 33. Nxe6 Qf3+ 34. Kg1 Qg4+ 35. Kh1 Qxe6 36. f4 Qd5+ 37. Kg1 Rf8 38. f5 Qf3 39. f6 Be2 40. Qg6 Qg4+ 41. Qxg4 Bxg4 42. Rc1 gxf6 43. Rxc6 fxe5 44. Rg6+ Kh7 45. Rxg4 Rg8 0-1